Map: King's Cove LE

Players

Parkkatz - Winner!

  • Race: Zerg Zerg
  • League: Platinum
  • Spawn Location: 11:00

blackice

  • Race: Terran Terran
  • Spawn Location: 5:00

VOD

Have the link to the VOD?

Description

Time

  • Played on: July 7, 2019, 12:03 p.m.
  • Length: 8:28
Show
View Real Time Build Order
Export as new Build Order

Parkkatz Zerg - Winner!

Build Orders: Hatch First 

Get SALT Encoding   

  12  0:00  Drone  
  13  0:14  Overlord  
  13  0:19  Drone  
  14  0:32  Drone x2  
  16  0:41  Drone  
  17  0:47  Drone  
  18  1:00  Hatchery  
  18  1:01  Extractor  
  18  1:03  Drone  
  17  1:17  Spawning Pool  
  16  1:21  Drone  
  16  1:23  Drone  
  18  1:30  Drone  
  19  1:42  Overlord  
  19  2:04  Zergling x4  
  19  2:05  Queen  
  23  2:12  Queen  
  23  2:13  Zergling x2  
  26  2:16  Drone  
  26  2:19  Metabolic Boost  
  27  2:28  Drone  
  27  2:29  Drone  
  29  2:36  Overlord  
  29  2:37  Drone  
  29  2:41  Queen  
  32  2:45  Drone  
  32  2:48  Drone  
  34  2:57  Overlord  
  34  2:59  Drone  
  34  3:16  Drone x2  
  36  3:31  Drone x3  
  37  3:43  Drone  
  37  3:44  Drone x3  
  37  3:46  Drone x2, Extractor  
  37  3:47  Overlord  
  42  3:57  Lair  
  42  4:00  Hatchery  
  42  4:02  Extractor  
  40  4:03  Drone x3  
  40  4:05  Drone x2  
  45  4:14  Roach Warren  
  45  4:15  Drone  
  45  4:16  Drone  
  46  4:17  Evolution Chamber  
  45  4:29  Zergling x6  
  45  4:30  Zergling x2  
  49  4:35  Drone x2  
  49  4:36  Baneling Nest  
  50  4:53  Drone x3  
  53  5:04  Glial Reconstitution  
  53  5:06  Zerg Missile Weapons Level 1  
  53  5:09  Overlord  
  53  5:11  Roach x4  
  53  5:12  Roach  
  63  5:14  Queen  
  65  5:27  Queen  
  67  5:29  Drone x3  
  70  5:38  Centrifical Hooks  
  70  5:41  Drone x2  
  70  5:42  Overseer, Drone  
  73  5:50  Overlord x2  
  73  5:57  Overlord x2  
  73  6:08  Roach x4  
  73  6:09  Roach x4  
  89  6:16  Ravager  
  90  6:25  Drone  
  90  6:26  Drone  
  90  6:29  Drone x2, Extractor  
  90  6:30  Drone, Extractor  
  90  6:31  Drone x3  
  96  6:39  Roach x4  
  104  6:44  Drone  
  104  6:45  Overlord x2  
  105  6:47  Overseer  
  105  6:54  Spore Crawler, Extractor  
  104  6:56  Spore Crawler  
  104  6:57  Spore Crawler, Drone x2  
  104  6:58  Drone x2  
  105  7:21  Hatchery  
  104  7:23  Hydralisk Den  
  104  7:27  Evolution Chamber  
  104  7:28  Overlord x2  
  102  7:39  Roach x2  
  102  7:40  Roach x7  
  102  7:42  Roach x2  
  102  7:43  Roach  
  120  7:48  Roach x3  
  120  7:49  Roach x2  
  130  7:56  Roach  
  130  7:57  Roach x3  
Show
View Real Time Build Order
Export as new Build Order

blackice Terran 

Build Orders:  

Get SALT Encoding   

  12  0:01  SCV  
  13  0:13  SCV  
  14  0:18  Supply Depot  
  14  0:25  SCV  
  15  0:40  SCV  
  15  0:41  Barracks  
  16  0:47  Refinery  
  16  0:52  SCV  
  17  1:04  SCV  
  18  1:16  SCV  
  19  1:29  Marine, Orbital Command  
  20  1:47  Marine  
  20  1:53  Command Center  
  21  1:56  SCV  
  22  2:05  Factory  
  22  2:09  Marine  
  23  2:17  Supply Depot  
  23  2:25  Refinery  
  23  2:30  Barracks Tech Lab  
  23  2:39  SCV  
  23  2:43  Supply Depot  
  24  2:50  Factory Reactor  
  24  2:51  SCV  
  24  2:55  Starport  
  25  3:01  Marauder  
  25  3:03  SCV  
  28  3:23  Marauder  
  29  3:37  Widow Mine  
  29  3:38  Widow Mine  
  29  3:39  Medivac  
  35  3:42  SCV  
  35  3:44  Marauder, SCV  
  39  3:48  Supply Depot  
  39  4:01  Orbital Command  
  39  4:05  Marine  
  40  4:10  Widow Mine x2  
  40  4:13  SCV  
  45  4:22  Engineering Bay  
  45  4:25  SCV  
  46  4:37  Starport Reactor, SCV  
  46  4:38  Factory  
  47  4:47  Barracks  
  47  4:48  SCV  
  48  4:54  Supply Depot  
  48  4:56  SCV  
  49  5:03  Missile Turret  
  49  5:04  SCV  
  50  5:11  SCV  
  51  5:15  Widow Mine  
  51  5:16  SCV  
  51  5:18  Refinery  
  54  5:22  Liberator  
  54  5:23  SCV  
  54  5:28  Factory Tech Lab, SCV  
  56  5:33  Supply Depot  
  56  5:35  SCV  
  57  5:36  Terran Infantry Weapons Level 1  
  57  5:42  SCV  
  61  5:44  Barracks Tech Lab  
  61  5:45  Barracks Reactor  
  61  5:47  SCV  
  62  5:54  Supply Depot, SCV  
  62  5:56  Refinery  
  63  5:59  SCV  
  63  6:02  Marauder  
  66  6:06  SCV  
  66  6:07  Siege Tank  
  72  6:11  Widow Mine  
  72  6:13  Widow Mine  
  74  6:22  SCV x2  
  74  6:23  Marine, Barracks  
  77  6:32  Marine x2, Widow Mine  
  81  6:41  Marine  
  81  6:45  Siege Tank  
  85  6:50  Marine  
  86  7:05  Supply Depot  
  86  7:06  Supply Depot  
  86  7:10  Liberator  
  86  7:11  Supply Depot  
  86  7:12  Barracks  
  86  7:25  Barracks Reactor  
  86  7:27  Marine x2, Marauder, SCV  
  86  7:28  Siege Tank, Widow Mine x2, SCV  
  102  7:31  Bunker  
  102  7:39  SCV  
  102  7:40  SCV  
  99  7:44  Marine  
  99  7:49  Marauder  
Tags
 
League
Platinum
Matchup
TvZ
Replay Pack
SC2 replays
Spawn Locations
Cross Positions
Add a new tag
Caveats
  • Supply blocks, unpowered buildings, or Contaminate may cause inaccurate times.
  • Supply counts are checked every 10 seconds.